Blackhawks vs Whalers

Created - 6 décembre 2017 at 06:00

Goals
1 2 3 T
Blackhawks 0 4 1 5
Whalers 0 0 1 1
Shots
1 2 3 T
Blackhawks 11 11 22 44
Whalers 8 17 12 37

1st period

No Goal

Penalties :
No Penalty

2nd period

1. Blackhawks , Cam Atkinson 9 (Eric Staal 11, Henrik Zetterberg 14) at 1:25
2. Blackhawks , Andrew Shaw 13 (Alexander Steen 7, Zach Parise 10) at 8:18 (PP)
3. Blackhawks , Henrik Zetterberg 10 (Eric Staal 12, Ryan Ellis 8) at 8:33
4. Blackhawks , Carl Hagelin 2 (Chris Kunitz 6, Henrik Zetterberg 15) at 14:34

Penalties :
Ryan Pulock (HAR) for Roughing (Minor) at 5:28, Jonny Brodzinski (HAR) for Diving (Minor) at 7:45, Derek Stepan (HAR) for Holding (Minor) at 10:07, Austin Watson (HAR) for Roughing (Minor) at 18:04

3rd period

5. Whalers , Ryan Pulock 1 (Byron Froese 4) at 4:04
6. Blackhawks , Andrew Shaw 14 (Alexander Steen 8) at 6:53

Penalties :
Dustin Byfuglien (HAR) for Hooking (Minor) at 7:07

Goalie Stats

Frederik Andersen (CHI), 36 saves from 37 shots - (0,973), W, 7-11-4, 60:00 minutes
Connor Hellebuyck (HAR), 39 saves from 44 shots - (0,886), L, 11-11-1, 60:00 minutes

Players Stats for Blackhawks

Player Name              G  A  P  +/- PIM S  H  SB GA TA FO     MP     PP MP  PK MP  
------------------------------------------------------------------------------------
Alexander Steen          0  2  2   1  0   3  1  0  1  0  6/22   16:23   3:58   0:00 
Andrei Markov            0  0  0   2  0   3  0  2  0  1  0/0    28:59   4:46   0:00 
Andrew Shaw              2  0  2   1  0   4  3  0  1  1  0/0    16:23   3:58   0:00 
Andy Greene              0  0  0   1  0   1  2  4  0  0  0/0    19:24   3:43   0:00 
Brandon Davidson         0  0  0   0  0   1  1  0  0  0  0/0    11:37   0:00   0:00 
Brett Connolly           0  0  0  -1  0   0  1  0  0  1  0/0    10:16   0:17   0:00 
Cam Atkinson             1  0  1   2  0   3  2  0  0  0  0/1    22:27   4:14   0:00 
Carl Hagelin             1  0  1   1  0   5  3  0  1  0  1/2    10:54   0:00   0:00 
Chris Kunitz             0  1  1   1  0   1  1  0  0  0  0/0    10:54   0:00   0:00 
Derek Forbort            0  0  0   0  0   0  0  0  0  1  0/0    11:37   0:00   0:00 
Eric Staal               0  2  2   2  0   3  2  2  2  0  14/29  22:27   4:14   0:00 
Henrik Zetterberg        1  2  3   2  0   6  2  0  1  0  2/2    22:27   4:14   0:00 
Johan Larsson            0  0  0   0  0   0  0  0  0  0  0/0     0:36   0:17   0:00 
Niklas Hjalmarsson       0  0  0   1  0   1  0  1  0  1  0/0    19:24   3:43   0:00 
Ryan Ellis               0  1  1   2  0   1  4  2  0  3  0/0    28:59   4:46   0:00 
Sven Andrighetto         0  0  0  -1  0   1  0  0  0  0  0/0     9:40   0:00   0:00 
Tanner Glass             0  0  0   0  0   0  0  0  0  0  0/0     0:36   0:17   0:00 
Vladislav Namestnikov    0  0  0  -1  0   5  1  0  1  1  0/3     9:40   0:00   0:00 
Yanni Gourde             0  0  0   1  0   4  0  0  1  1  2/6    10:54   0:00   0:00 
Zach Parise              0  1  1   1  0   2  1  0  1  0  2/3    16:23   3:58   0:00 

Players Stats for Whalers

Player Name              G  A  P  +/- PIM S  H  SB GA TA FO     MP     PP MP  PK MP  
------------------------------------------------------------------------------------
Austin Watson            0  0  0   0  2   0  4  0  0  0  14/19  18:07   0:00   0:32 
Brooks Orpik             0  0  0   0  0   0  0  2  0  0  0/0     2:52   0:00   0:00 
Byron Froese             0  1  1   0  0   1  2  0  0  0  0/0    12:37   0:00   0:00 
Dennis Wideman           0  0  0   0  0   1  0  1  0  0  0/0    20:25   0:00   3:24 
Derek Stepan             0  0  0  -3  2   5  0  0  0  3  12/20  21:09   0:00   4:06 
Drake Caggiula           0  0  0   0  0   2  1  0  0  0  0/0     7:49   0:00   1:04 
Dustin Byfuglien         0  0  0  -2  2   1  2  3  1  1  0/0    28:05   0:00   4:41 
Jaycob Megna             0  0  0  -3  0   3  1  1  1  2  0/0    21:19   0:00   0:00 
Jonny Brodzinski         0  0  0   0  2   1  1  1  1  0  7/7    12:49   0:00   0:00 
Kris Versteeg            0  0  0   0  0   3  0  0  1  0  1/1    18:27   0:00   2:22 
Loui Eriksson            0  0  0   0  0   6  1  0  2  0  1/3    15:38   0:00   0:00 
Mark Barberio            0  0  0  -1  0   0  0  0  0  0  0/0    19:09   0:00   4:46 
Nic Dowd                 0  0  0  -1  0   3  0  0  0  0  1/2     8:03   0:00   1:15 
Phil Kessel              0  0  0  -2  0   6  0  0  4  2  2/10   26:27   0:00   5:07 
Ryan Callahan            0  0  0   0  0   1  1  0  0  0  1/2    13:05   0:00   0:00 
Ryan Pulock              1  0  1   0  2   3  2  0  0  0  0/0    18:40   0:00   2:02 
Scott Hartnell           0  0  0  -3  0   1  2  0  0  0  2/4    16:35   0:00   2:02 
Tommy Cross              0  0  0   0  0   0  1  0  0  1  0/0    10:09   0:00   2:35 

3 Stars

1 - Henrik Zetterberg (CHI)
2 - Frederik Andersen (CHI)
3 - Andrew Shaw (CHI)

Power Play

Blackhawks - 1 on 6 Attempt(s) - 16,67%
Whalers - 0 on 0 Attempt(s) - 0,00%

Penalty Kill

Blackhawks - 0 on 0 Attempt(s) - 0,00% - Score 0 goal in Penalty Kill
Whalers - 5 on 6 Attempt(s) - 83,33% - Score 0 goal in Penalty Kill

Team Stat

Blackhawks - Hits : 24 - Faceoff Wins : 27 - Blocked Shots : 11 - Penalty Minutes : 0
Whalers - Hits : 18 - Faceoff Wins : 41 - Blocked Shots : 8 - Penalty Minutes : 10

Official

Referees : Jacob Brenk and Kendrick Nicholson
Linesman : Devin Berg and Scott Cherrey

Game Notes

Brooks Orpik is injured at 8:59 of 1st period (Strained Left Knee)
14:59 of 3rd period - Penalty Shot by Kris Versteeg for Whalers - Stopped by Frederik Andersen

Finance

Level 1 -- Attendance: 5992 (99,87%) -- Ticket Income 449 400 $
Level 2 -- Attendance: 3627 (72,54%) -- Ticket Income 235 755 $
Level 3 -- Attendance: 1251 (62,55%) -- Ticket Income 56 295 $
Level 4 -- Attendance: 2101 (52,53%) -- Ticket Income 73 535 $
Luxury Box -- Attendance: 924 (92,40%) -- Ticket Income 115 500 $
Game was played at the The Fishbowl.
Total Attendance: 13895 (77,19%)
Total Ticket Income: 930 485 $
Other Income: 455 938 $
Total Income: 1 386 423 $

Blackhawks

5 vs 5 Forward 
   Center                   Left Wing                Right Wing               Time % Phy DF OF 
 1 Eric Staal               Henrik Zetterberg        Cam Atkinson             40     1   2  2  
 2 Alexander Steen          Zach Parise              Andrew Shaw              30     1   2  2  
 3 Yanni Gourde             Chris Kunitz             Carl Hagelin             20     1   2  2  
 4 Vladislav Namestnikov    Sven Andrighetto         Brett Connolly           10     1   2  2  

5 vs 5 Defense 
   Defense                  Defense                                           Time % Phy DF OF 
 1 Ryan Ellis               Andrei Markov                                     40     1   2  2  
 2 Niklas Hjalmarsson       Andy Greene                                       30     1   2  2  
 3 Derek Forbort            Brandon Davidson                                  20     1   2  2  
 4 Ryan Ellis               Andrei Markov                                     10     1   2  2  

PowerPlay Forward 
   Center                   Left Wing                Right Wing               Time % Phy DF OF 
 1 Eric Staal               Henrik Zetterberg        Cam Atkinson             60     1   2  2  
 2 Alexander Steen          Zach Parise              Andrew Shaw              40     1   2  2  

PowerPlay Defense
   Defense                  Defense                                           Time % Phy DF OF 
 1 Ryan Ellis               Andrei Markov                                     60     1   2  2  
 2 Niklas Hjalmarsson       Andy Greene                                       40     1   2  2  

Penalty Kill 4 Players Forward 
   Center                   Wing                     Time % Phy DF OF 
 1 Eric Staal               Henrik Zetterberg        60     1   2  2  
 2 Alexander Steen          Cam Atkinson             40     1   2  2  

Penalty Kill 4 Players Defense
   Defense                  Defense                  Time % Phy DF OF 
 1 Ryan Ellis               Andrei Markov            60     1   2  2  
 2 Niklas Hjalmarsson       Andy Greene              40     1   2  2  

Penalty Kill - 3 Players Forward 
   Forward                                           Time % Phy DF OF 
 1 Eric Staal                                        60     1   2  2  
 2 Henrik Zetterberg                                 40     1   2  2  

Penalty Kill - 3 Players Defense
   Defense                  Defense                  Time % Phy DF OF 
 1 Ryan Ellis               Andrei Markov            60     1   2  2  
 2 Niklas Hjalmarsson       Andy Greene              40     1   2  2  

4 vs 4 Forward 
   Center                   Wing                     Time % Phy DF OF 
 1 Eric Staal               Henrik Zetterberg        60     1   2  2  
 2 Alexander Steen          Cam Atkinson             40     1   2  2  

4 vs 4 Defense
   Defense                  Defense                  Time % Phy DF OF 
 1 Ryan Ellis               Andrei Markov            60     1   2  2  
 2 Niklas Hjalmarsson       Andy Greene              40     1   2  2  

Last Minutes Offensive
   Center                   Left Wing                Right Wing               Defense                  Defense                  
   Eric Staal               Henrik Zetterberg        Cam Atkinson             Ryan Ellis               Andrei Markov            

Last Minutes Defensive
   Center                   Left Wing                Right Wing               Defense                  Defense                  
   Eric Staal               Henrik Zetterberg        Cam Atkinson             Ryan Ellis               Andrei Markov            

Goaltenders
Starting : Frederik Andersen        
Backup : Mike Condon              

Extra Forwards
Normal : Johan Larsson, Tanner Glass, Yanni Gourde - PP : Johan Larsson, Tanner Glass - PK : Yanni Gourde
Extra Defensemen
Normal : Derek Forbort, Brandon Davidson, Niklas Hjalmarsson - PP : Derek Forbort - PK : Brandon Davidson, Niklas Hjalmarsson
Penalty Shots
Eric Staal, Henrik Zetterberg, Alexander Steen, Cam Atkinson, Zach Parise
Custom OT Lines Forwards
Eric Staal, Henrik Zetterberg, Alexander Steen, Cam Atkinson, Zach Parise, Andrew Shaw, Yanni Gourde, Chris Kunitz, Carl Hagelin, Vladislav Namestnikov
Custom OT Lines Defensemen
Ryan Ellis, Andrei Markov, Niklas Hjalmarsson, Andy Greene, Derek Forbort

Scratches
None

Whalers

5 vs 5 Forward 
   Center                   Left Wing                Right Wing               Time % Phy DF OF 
 1 Derek Stepan             Scott Hartnell           Phil Kessel              40     1   2  2  
 2 Austin Watson            Kris Versteeg            Loui Eriksson            30     1   2  2  
 3 Jonny Brodzinski         Ryan Callahan            Byron Froese             20     1   2  2  
 4 Nic Dowd                 Drake Caggiula           Phil Kessel              10     1   2  2  

5 vs 5 Defense 
   Defense                  Defense                                           Time % Phy DF OF 
 1 Dustin Byfuglien         Brooks Orpik                                      40     1   2  2  
 2 Dennis Wideman           Ryan Pulock                                       30     1   2  2  
 3 Jaycob Megna             Mark Barberio                                     20     1   2  2  
 4 Tommy Cross              Dustin Byfuglien                                  10     1   2  2  

PowerPlay Forward 
   Center                   Left Wing                Right Wing               Time % Phy DF OF 
 1 Derek Stepan             Scott Hartnell           Phil Kessel              60     1   2  2  
 2 Austin Watson            Kris Versteeg            Loui Eriksson            40     1   2  2  

PowerPlay Defense
   Defense                  Defense                                           Time % Phy DF OF 
 1 Dustin Byfuglien         Brooks Orpik                                      60     1   2  2  
 2 Dennis Wideman           Ryan Pulock                                       40     1   2  2  

Penalty Kill 4 Players Forward 
   Center                   Wing                     Time % Phy DF OF 
 1 Phil Kessel              Derek Stepan             60     1   2  2  
 2 Scott Hartnell           Kris Versteeg            40     1   2  2  

Penalty Kill 4 Players Defense
   Defense                  Defense                  Time % Phy DF OF 
 1 Dustin Byfuglien         Brooks Orpik             60     1   2  2  
 2 Dennis Wideman           Ryan Pulock              40     1   2  2  

Penalty Kill - 3 Players Forward 
   Forward                                           Time % Phy DF OF 
 1 Phil Kessel                                       60     1   2  2  
 2 Derek Stepan                                      40     1   2  2  

Penalty Kill - 3 Players Defense
   Defense                  Defense                  Time % Phy DF OF 
 1 Dustin Byfuglien         Brooks Orpik             60     1   2  2  
 2 Dennis Wideman           Ryan Pulock              40     1   2  2  

4 vs 4 Forward 
   Center                   Wing                     Time % Phy DF OF 
 1 Phil Kessel              Derek Stepan             60     1   2  2  
 2 Scott Hartnell           Kris Versteeg            40     1   2  2  

4 vs 4 Defense
   Defense                  Defense                  Time % Phy DF OF 
 1 Dustin Byfuglien         Brooks Orpik             60     1   2  2  
 2 Dennis Wideman           Ryan Pulock              40     1   2  2  

Last Minutes Offensive
   Center                   Left Wing                Right Wing               Defense                  Defense                  
   Derek Stepan             Scott Hartnell           Phil Kessel              Dustin Byfuglien         Brooks Orpik             

Last Minutes Defensive
   Center                   Left Wing                Right Wing               Defense                  Defense                  
   Derek Stepan             Scott Hartnell           Phil Kessel              Dustin Byfuglien         Brooks Orpik             

Goaltenders
Starting : Connor Hellebuyck        
Backup : Louis Domingue           

Extra Forwards
Normal : Ryan Callahan, Jonny Brodzinski, Nic Dowd - PP : Ryan Callahan, Jonny Brodzinski - PK : Nic Dowd
Extra Defensemen
Normal : Jaycob Megna, Mark Barberio, Tommy Cross - PP : Jaycob Megna - PK : Mark Barberio, Tommy Cross
Penalty Shots
Dustin Byfuglien, Phil Kessel, Derek Stepan, Scott Hartnell, Kris Versteeg
Custom OT Lines Forwards
Dustin Byfuglien, Phil Kessel, Derek Stepan, Scott Hartnell, Kris Versteeg, Loui Eriksson, Ryan Callahan, Austin Watson, Jonny Brodzinski, Nic Dowd
Custom OT Lines Defensemen
Dustin Byfuglien, Brooks Orpik, Dennis Wideman, Ryan Pulock, Jaycob Megna

Scratches
BROCK BOESER (Healthy), Kris Russell (Healthy), Lance Bouma (Strained Left Elbow Injury)

% Time on Ice - Blackhawks

Lines # - Real PCT - Wanted PCT - Time Play
Normal Forward
1 - 36% - 40% - 18:32
2 - 24% - 30% - 12:25
3 - 21% - 20% - 10:54
4 - 19% - 10% - 9:40
Normal Defense
1 - 40% - 40% - 20:38
2 - 30% - 30% - 15:41
3 - 23% - 20% - 11:37
4 - 7% - 10% - 3:35
PP Forward
1 - 53% - 60% - 4:31
2 - 47% - 40% - 3:58
PP Defense
1 - 56% - 60% - 4:46
2 - 44% - 40% - 3:43
PK Forward
1 - 0% - 60%
2 - 0% - 40%
PK Defense
1 - 0% - 60%
2 - 0% - 40%
PK3 Forward
1 - 0% - 60%
2 - 0% - 40%
PK3 Defense
1 - 0% - 60%
2 - 0% - 40%
44 Forward
1 - 0% - 60%
2 - 0% - 40%
44 Defense
1 - 0% - 60%
2 - 0% - 40%
Last Minute Offensive  - 0:00
Last Minute Defensive  - 0:00
Total
Forward - 60:00
Defense - 60:00

% Time on Ice - Whalers

Lines # - Real PCT - Wanted PCT - Time Play
Normal Forward
1 - 34% - 40% - 17:19
2 - 31% - 30% - 15:45
3 - 24% - 20% - 12:37
4 - 11% - 10% - 5:50
Normal Defense
1 - 40% - 40% - 20:47
2 - 32% - 30% - 16:28
3 - 22% - 20% - 11:25
4 - 6% - 10% - 2:51
PP Forward
1 - 0% - 60%
2 - 0% - 40%
PP Defense
1 - 0% - 60%
2 - 0% - 40%
PK Forward
1 - 76% - 60% - 6:27
2 - 24% - 40% - 2:02
PK Defense
1 - 79% - 60% - 6:44
2 - 21% - 40% - 1:45
PK3 Forward
1 - 0% - 60%
2 - 0% - 40%
PK3 Defense
1 - 0% - 60%
2 - 0% - 40%
44 Forward
1 - 0% - 60%
2 - 0% - 40%
44 Defense
1 - 0% - 60%
2 - 0% - 40%
Last Minute Offensive  - 0:00
Last Minute Defensive  - 0:00
Total
Forward - 60:00
Defense - 60:00

Play by Play

1st period


0:01 of 1st period - Derek Stepan wins face-off versus Eric Staal in neutral zone.
0:12 of 1st period - Wrist shot by Phil Kessel.
0:12 of 1st period - Shot Misses the Net.
0:36 of 1st period - Slapshot by Dustin Byfuglien.
0:36 of 1st period - Stopped by Frederik Andersen without a rebound.
0:37 of 1st period - Ryan Callahan wins face-off versus Yanni Gourde in Blackhawks zone.
0:44 of 1st period - Snap shot by Byron Froese.
0:44 of 1st period - Shot Blocked by Andy Greene.
0:46 of 1st period - Snap shot by Byron Froese.
0:46 of 1st period - Shot Blocked by Andy Greene.
0:48 of 1st period - Wrist shot by Ryan Callahan.
0:48 of 1st period - Shot Misses the Net.
2:06 of 1st period - Derek Stepan is hit by Brandon Davidson and loses puck.
2:31 of 1st period - Wrist shot by Vladislav Namestnikov.
2:31 of 1st period - Stopped by Connor Hellebuyck without a rebound.
2:32 of 1st period - Austin Watson wins face-off versus Vladislav Namestnikov in Whalers zone.
3:29 of 1st period - Wrist shot by Jonny Brodzinski.
3:29 of 1st period - Shot Misses the Net.
3:31 of 1st period - Snap shot by Ryan Callahan.
3:31 of 1st period - Deflect By Byron Froese.
3:31 of 1st period - Shot Misses the Net.
3:31 of 1st period - Puck is out of play.
3:32 of 1st period - Austin Watson wins face-off versus Yanni Gourde in Blackhawks zone.
4:02 of 1st period - Slapshot by Cam Atkinson.
4:02 of 1st period - Shot Blocked by Brooks Orpik.
4:04 of 1st period - Snap shot by Derek Forbort.
4:04 of 1st period - Shot Blocked by Brooks Orpik.
4:06 of 1st period - Slapshot by Derek Forbort.
4:06 of 1st period - Deflect By Cam Atkinson.
4:06 of 1st period - Shot Misses the Net.
4:06 of 1st period - Puck is out of play.
4:07 of 1st period - Derek Stepan wins face-off versus Alexander Steen in Whalers zone.
4:20 of 1st period - Wrist shot by Derek Stepan.
4:20 of 1st period - Stopped by Frederik Andersen with a rebound.
4:22 of 1st period - Snap shot by Derek Stepan.
4:22 of 1st period - Shot Misses the Net.
4:32 of 1st period - Jonny Brodzinski is hit by Cam Atkinson and loses puck.
4:50 of 1st period - Icing by Ryan Callahan.
4:51 of 1st period - Yanni Gourde wins face-off versus Austin Watson in Whalers zone.
5:24 of 1st period - Slapshot by Carl Hagelin.
5:24 of 1st period - Stopped by Connor Hellebuyck with a rebound.
5:26 of 1st period - Snap shot by Yanni Gourde.
5:26 of 1st period - Stopped by Connor Hellebuyck with a rebound.
5:28 of 1st period - Slapshot by Ryan Ellis.
5:28 of 1st period - Shot Blocked by Dustin Byfuglien.
5:30 of 1st period - Wrist shot by Yanni Gourde.
5:30 of 1st period - Stopped by Connor Hellebuyck with a rebound.
5:32 of 1st period - Slapshot by Andrei Markov.
5:32 of 1st period - Stopped by Connor Hellebuyck without a rebound.
5:33 of 1st period - Austin Watson wins face-off versus Eric Staal in Whalers zone.
5:54 of 1st period - Austin Watson is hit by Eric Staal and loses puck.
6:20 of 1st period - Slapshot by Kris Versteeg.
6:20 of 1st period - Shot Misses the Net.
6:22 of 1st period - Backhand shot by Austin Watson.
6:22 of 1st period - Shot Blocked by Eric Staal.
6:24 of 1st period - Snap shot by Loui Eriksson.
6:24 of 1st period - Stopped by Frederik Andersen with a rebound.
6:26 of 1st period - Snap shot by Ryan Pulock.
6:26 of 1st period - Deflect By Loui Eriksson.
6:26 of 1st period - Deflect By Niklas Hjalmarsson.
6:26 of 1st period - Shot Misses the Net.
6:26 of 1st period - Puck is out of play.
6:27 of 1st period - Alexander Steen wins face-off versus Derek Stepan in Blackhawks zone.
7:17 of 1st period - Phil Kessel is hit by Ryan Ellis and loses puck.
8:58 of 1st period - Brooks Orpik is hit by Chris Kunitz and loses puck.
8:59 of 1st period - Brooks Orpik from Whalers is injured at 8:59 of 1st period (Strained Left Knee).
9:00 of 1st period - Derek Stepan wins face-off versus Cam Atkinson in Whalers zone.
9:26 of 1st period - Dustin Byfuglien is hit by Zach Parise and loses puck.
10:09 of 1st period - Snap shot by Nic Dowd.
10:09 of 1st period - Stopped by Frederik Andersen with a rebound.
10:51 of 1st period - Snap shot by Brett Connolly.
10:51 of 1st period - Shot Blocked by Dustin Byfuglien.
11:25 of 1st period - Wrist shot by Vladislav Namestnikov.
11:25 of 1st period - Shot Misses the Net.
11:45 of 1st period - Wrist shot by Phil Kessel.
11:45 of 1st period - Shot Hit the Post.
12:19 of 1st period - Slapshot by Derek Stepan.
12:19 of 1st period - Stopped by Frederik Andersen without a rebound.
12:20 of 1st period - Eric Staal wins face-off versus Loui Eriksson in Blackhawks zone.
12:25 of 1st period - Wrist shot by Henrik Zetterberg.
12:25 of 1st period - Stopped by Connor Hellebuyck without a rebound.
12:26 of 1st period - Eric Staal wins face-off versus Austin Watson in Whalers zone.
12:30 of 1st period - Icing by Dennis Wideman.
12:31 of 1st period - Austin Watson wins face-off versus Eric Staal in Whalers zone.
12:39 of 1st period - Off-side.
12:40 of 1st period - Austin Watson wins face-off versus Eric Staal in neutral zone.
12:43 of 1st period - Wrist shot by Kris Versteeg.
12:43 of 1st period - Stopped by Frederik Andersen with a rebound.
13:07 of 1st period - Slapshot by Eric Staal.
13:07 of 1st period - Stopped by Connor Hellebuyck with a rebound.
13:09 of 1st period - Slapshot by Ryan Ellis.
13:09 of 1st period - Stopped by Connor Hellebuyck without a rebound.
13:10 of 1st period - Jonny Brodzinski wins face-off versus Alexander Steen in Whalers zone.
13:35 of 1st period - Niklas Hjalmarsson is hit by Scott Hartnell and loses puck.
14:06 of 1st period - Snap shot by Phil Kessel.
14:06 of 1st period - Stopped by Frederik Andersen with a rebound.
14:17 of 1st period - Off-side.
14:18 of 1st period - Yanni Gourde wins face-off versus Ryan Callahan in neutral zone.
14:21 of 1st period - Snap shot by Chris Kunitz.
14:21 of 1st period - Shot Misses the Net.
14:25 of 1st period - Snap shot by Yanni Gourde.
14:25 of 1st period - Stopped by Connor Hellebuyck with a rebound.
14:43 of 1st period - Wrist shot by Henrik Zetterberg.
14:43 of 1st period - Stopped by Connor Hellebuyck with a rebound.
15:11 of 1st period - Slapshot by Byron Froese.
15:11 of 1st period - Deflect By Cam Atkinson.
15:11 of 1st period - Shot Misses the Net.
15:11 of 1st period - Puck is out of play.
15:12 of 1st period - Derek Stepan wins face-off versus Alexander Steen in Blackhawks zone.
15:37 of 1st period - Dennis Wideman is hit by Brett Connolly and loses puck.
15:42 of 1st period - Snap shot by Vladislav Namestnikov.
15:42 of 1st period - Stopped by Connor Hellebuyck with a rebound.
15:58 of 1st period - Backhand shot by Derek Stepan.
15:58 of 1st period - Shot Blocked by Niklas Hjalmarsson.
16:00 of 1st period - Wrist shot by Phil Kessel.
16:00 of 1st period - Shot Blocked by Andy Greene.
16:02 of 1st period - Wrist shot by Derek Stepan.
16:02 of 1st period - Shot Misses the Net.
16:04 of 1st period - Snap shot by Scott Hartnell.
16:04 of 1st period - Stopped by Frederik Andersen without a rebound.
16:05 of 1st period - Austin Watson wins face-off versus Zach Parise in Blackhawks zone.
16:31 of 1st period - Andrei Markov is hit by Byron Froese.
17:10 of 1st period - Carl Hagelin is hit by Ryan Pulock and loses puck.
17:23 of 1st period - Drake Caggiula is hit by Alexander Steen and loses puck.
19:04 of 1st period - Drake Caggiula is hit by Ryan Ellis and loses puck.
19:35 of 1st period - Austin Watson is hit by Andy Greene and loses puck.
Goals for this period are 0 for Blackhawks vs 0 for Whalers.
Shots for this period are 11 for Blackhawks vs 8 for Whalers.

2nd period


0:01 of 2nd period - Henrik Zetterberg wins face-off versus Derek Stepan in neutral zone.
0:08 of 2nd period - Wrist shot by Derek Stepan.
0:08 of 2nd period - Stopped by Frederik Andersen without a rebound.
0:09 of 2nd period - Eric Staal wins face-off versus Scott Hartnell in Blackhawks zone.
0:38 of 2nd period - Wrist shot by Derek Stepan.
0:38 of 2nd period - Stopped by Frederik Andersen without a rebound.
0:39 of 2nd period - Kris Versteeg wins face-off versus Alexander Steen in Blackhawks zone.
0:48 of 2nd period - Slapshot by Loui Eriksson.
0:48 of 2nd period - Stopped by Frederik Andersen with a rebound.
1:04 of 2nd period - Niklas Hjalmarsson is hit by Ryan Pulock and loses puck.
1:25 of 2nd period - Snap shot by Cam Atkinson.
1:25 of 2nd period - Goal by Cam Atkinson - Blackhawks : 1 - Whalers : 0.
1:26 of 2nd period - Eric Staal wins face-off versus Derek Stepan in neutral zone.
1:29 of 2nd period - Wrist shot by Henrik Zetterberg.
1:29 of 2nd period - Stopped by Connor Hellebuyck with a rebound.
1:48 of 2nd period - Cam Atkinson is hit by Scott Hartnell and loses puck.
1:59 of 2nd period - Zach Parise is hit by Austin Watson and loses puck.
2:22 of 2nd period - Snap shot by Vladislav Namestnikov.
2:22 of 2nd period - Stopped by Connor Hellebuyck with a rebound.
2:28 of 2nd period - Sven Andrighetto is hit by Ryan Callahan.
2:34 of 2nd period - Snap shot by Byron Froese.
2:34 of 2nd period - Deflect By Ryan Callahan.
2:34 of 2nd period - Stopped by Frederik Andersen with a rebound.
2:48 of 2nd period - Wrist shot by Carl Hagelin.
2:48 of 2nd period - Stopped by Connor Hellebuyck without a rebound.
2:49 of 2nd period - Austin Watson wins face-off versus Carl Hagelin in Whalers zone.
3:00 of 2nd period - Snap shot by Kris Versteeg.
3:00 of 2nd period - Shot Misses the Net.
3:02 of 2nd period - Wrist shot by Kris Versteeg.
3:02 of 2nd period - Shot Misses the Net.
3:04 of 2nd period - Snap shot by Loui Eriksson.
3:04 of 2nd period - Deflect By Austin Watson.
3:04 of 2nd period - Shot Misses the Net.
3:04 of 2nd period - Puck is out of play.
3:05 of 2nd period - Derek Stepan wins face-off versus Eric Staal in Blackhawks zone.
3:06 of 2nd period - Slapshot by Phil Kessel.
3:06 of 2nd period - Stopped by Frederik Andersen without a rebound.
3:07 of 2nd period - Derek Stepan wins face-off versus Eric Staal in Blackhawks zone.
4:02 of 2nd period - Snap shot by Yanni Gourde.
4:02 of 2nd period - Deflect By Chris Kunitz.
4:02 of 2nd period - Shot Misses the Net.
4:02 of 2nd period - Puck is out of play.
4:03 of 2nd period - Eric Staal wins face-off versus Derek Stepan in Whalers zone.
4:40 of 2nd period - Andrew Shaw is hit by Austin Watson.
4:50 of 2nd period - Brandon Davidson is hit by Jonny Brodzinski and loses puck.
5:11 of 2nd period - Wrist shot by Phil Kessel.
5:11 of 2nd period - Deflect By Nic Dowd.
5:11 of 2nd period - Stopped by Frederik Andersen with a rebound.
5:13 of 2nd period - Slapshot by Jaycob Megna.
5:13 of 2nd period - Stopped by Frederik Andersen with a rebound.
5:15 of 2nd period - Wrist shot by Jaycob Megna.
5:15 of 2nd period - Stopped by Frederik Andersen without a rebound.
5:16 of 2nd period - Eric Staal wins face-off versus Nic Dowd in Blackhawks zone.
5:25 of 2nd period - Snap shot by Cam Atkinson.
5:25 of 2nd period - Stopped by Connor Hellebuyck without a rebound.
5:26 of 2nd period - Scott Hartnell wins face-off versus Eric Staal in Whalers zone.
5:28 of 2nd period - Minor Penalty to Ryan Pulock for Roughing.
5:29 of 2nd period - Eric Staal wins face-off versus Phil Kessel in Whalers zone.
5:45 of 2nd period - Snap shot by Eric Staal.
5:45 of 2nd period - Stopped by Connor Hellebuyck without a rebound.
5:46 of 2nd period - Eric Staal wins face-off versus Phil Kessel in Whalers zone.
6:11 of 2nd period - Phil Kessel is hit by Andrew Shaw and loses puck.
7:28 of 2nd period - Penalty to Ryan Pulock is over, Ryan Pulock is back on ice.
7:34 of 2nd period - Slapshot by Vladislav Namestnikov.
7:34 of 2nd period - Deflect By Kris Versteeg.
7:34 of 2nd period - Shot Blocked by Dennis Wideman.
7:34 of 2nd period - Puck is out of play.
7:35 of 2nd period - Jonny Brodzinski wins face-off versus Vladislav Namestnikov in Whalers zone.
7:45 of 2nd period - Minor Penalty to Jonny Brodzinski for Diving.
7:46 of 2nd period - Eric Staal wins face-off versus Phil Kessel in Whalers zone.
8:03 of 2nd period - Derek Stepan is hit by Henrik Zetterberg and loses puck.
8:16 of 2nd period - Slapshot by Andrew Shaw.
8:16 of 2nd period - Shot Misses the Net.
8:18 of 2nd period - Snap shot by Andrew Shaw.
8:18 of 2nd period - Goal by Andrew Shaw - Blackhawks : 2 - Whalers : 0.
8:19 of 2nd period - Eric Staal wins face-off versus Derek Stepan in neutral zone.
8:22 of 2nd period - Scott Hartnell is hit by Henrik Zetterberg and loses puck.
8:27 of 2nd period - Snap shot by Henrik Zetterberg.
8:27 of 2nd period - Shot Misses the Net.
8:29 of 2nd period - Slapshot by Ryan Ellis.
8:29 of 2nd period - Shot Misses the Net.
8:31 of 2nd period - Slapshot by Eric Staal.
8:31 of 2nd period - Shot Misses the Net.
8:33 of 2nd period - Wrist shot by Henrik Zetterberg.
8:33 of 2nd period - Goal by Henrik Zetterberg - Blackhawks : 3 - Whalers : 0.
8:34 of 2nd period - Derek Stepan wins face-off versus Eric Staal in neutral zone.
9:07 of 2nd period - Wrist shot by Loui Eriksson.
9:07 of 2nd period - Stopped by Frederik Andersen with a rebound.
9:09 of 2nd period - Slapshot by Dennis Wideman.
9:09 of 2nd period - Stopped by Frederik Andersen with a rebound.
9:11 of 2nd period - Snap shot by Ryan Pulock.
9:11 of 2nd period - Stopped by Frederik Andersen with a rebound.
9:13 of 2nd period - Snap shot by Loui Eriksson.
9:13 of 2nd period - Stopped by Frederik Andersen without a rebound.
9:14 of 2nd period - Alexander Steen wins face-off versus Austin Watson in Blackhawks zone.
9:48 of 2nd period - Snap shot by Alexander Steen.
9:48 of 2nd period - Stopped by Connor Hellebuyck with a rebound.
9:50 of 2nd period - Wrist shot by Alexander Steen.
9:50 of 2nd period - Shot Misses the Net.
9:52 of 2nd period - Slapshot by Brandon Davidson.
9:52 of 2nd period - Shot Misses the Net.
9:54 of 2nd period - Slapshot by Andrew Shaw.
9:54 of 2nd period - Shot Misses the Net.
9:56 of 2nd period - Wrist shot by Andrew Shaw.
9:56 of 2nd period - Shot Blocked by Jonny Brodzinski.
9:58 of 2nd period - Slapshot by Brandon Davidson.
9:58 of 2nd period - Stopped by Connor Hellebuyck without a rebound.
9:59 of 2nd period - Eric Staal wins face-off versus Phil Kessel in Whalers zone.
10:07 of 2nd period - Minor Penalty to Derek Stepan for Holding.
10:08 of 2nd period - Eric Staal wins face-off versus Phil Kessel in Whalers zone.
10:35 of 2nd period - Andrei Markov is hit by Drake Caggiula and loses puck.
11:28 of 2nd period - Kris Versteeg is hit by Andrew Shaw and loses puck.
12:07 of 2nd period - Penalty to Derek Stepan is over, Derek Stepan is back on ice.
12:09 of 2nd period - Dennis Wideman is hit by Ryan Ellis and loses puck.
12:38 of 2nd period - Chris Kunitz is hit by Dustin Byfuglien.
13:54 of 2nd period - Derek Stepan is hit by Vladislav Namestnikov and loses puck.
14:22 of 2nd period - Ryan Callahan is hit by Eric Staal.
14:34 of 2nd period - Snap shot by Carl Hagelin.
14:34 of 2nd period - Goal by Carl Hagelin - Blackhawks : 4 - Whalers : 0.
14:35 of 2nd period - Austin Watson wins face-off versus Eric Staal in neutral zone.
14:51 of 2nd period - Snap shot by Loui Eriksson.
14:51 of 2nd period - Shot Blocked by Andrei Markov.
16:09 of 2nd period - Niklas Hjalmarsson is hit by Austin Watson and loses puck.
16:43 of 2nd period - Snap shot by Brett Connolly.
16:43 of 2nd period - Shot Misses the Net.
17:08 of 2nd period - Wrist shot by Alexander Steen.
17:08 of 2nd period - Shot Misses the Net.
17:20 of 2nd period - Andrew Shaw is hit by Austin Watson and loses puck.
17:37 of 2nd period - Wrist shot by Phil Kessel.
17:37 of 2nd period - Stopped by Frederik Andersen with a rebound.
17:39 of 2nd period - Slapshot by Drake Caggiula.
17:39 of 2nd period - Stopped by Frederik Andersen without a rebound.
17:40 of 2nd period - Nic Dowd wins face-off versus Eric Staal in Blackhawks zone.
17:45 of 2nd period - Snap shot by Nic Dowd.
17:45 of 2nd period - Stopped by Frederik Andersen with a rebound.
17:47 of 2nd period - Wrist shot by Drake Caggiula.
17:47 of 2nd period - Stopped by Frederik Andersen without a rebound.
17:48 of 2nd period - Austin Watson wins face-off versus Eric Staal in Blackhawks zone.
17:55 of 2nd period - Snap shot by Loui Eriksson.
17:55 of 2nd period - Stopped by Frederik Andersen without a rebound.
17:56 of 2nd period - Eric Staal wins face-off versus Loui Eriksson in Blackhawks zone.
18:04 of 2nd period - Minor Penalty to Austin Watson for Roughing.
18:05 of 2nd period - Eric Staal wins face-off versus Phil Kessel in Whalers zone.
18:35 of 2nd period - Off-side.
18:36 of 2nd period - Alexander Steen wins face-off versus Scott Hartnell in neutral zone.
18:53 of 2nd period - Wrist shot by Andrew Shaw.
18:53 of 2nd period - Shot Misses the Net.
Goals for this period are 4 for Blackhawks vs 0 for Whalers.
Shots for this period are 11 for Blackhawks vs 17 for Whalers.

3rd period


0:01 of 3rd period - Henrik Zetterberg wins face-off versus Phil Kessel in neutral zone.
0:04 of 3rd period - Penalty to Austin Watson is over, Austin Watson is back on ice.
0:09 of 3rd period - Off-side.
0:10 of 3rd period - Phil Kessel wins face-off versus Eric Staal in neutral zone.
0:39 of 3rd period - Snap shot by Derek Stepan.
0:39 of 3rd period - Shot Blocked by Andrei Markov.
0:53 of 3rd period - Slapshot by Derek Stepan.
0:53 of 3rd period - Shot Blocked by Ryan Ellis.
0:55 of 3rd period - Wrist shot by Derek Stepan.
0:55 of 3rd period - Stopped by Frederik Andersen with a rebound.
1:03 of 3rd period - Eric Staal is hit by Dustin Byfuglien and loses puck.
1:30 of 3rd period - Wrist shot by Phil Kessel.
1:30 of 3rd period - Shot Hit the Post.
1:32 of 3rd period - Snap shot by Austin Watson.
1:32 of 3rd period - Shot Misses the Net.
1:50 of 3rd period - Wrist shot by Cam Atkinson.
1:50 of 3rd period - Stopped by Connor Hellebuyck with a rebound.
2:01 of 3rd period - Wrist shot by Eric Staal.
2:01 of 3rd period - Stopped by Connor Hellebuyck without a rebound.
2:02 of 3rd period - Jonny Brodzinski wins face-off versus Alexander Steen in Whalers zone.
2:02 of 3rd period - Jonny Brodzinski is hit by Andy Greene.
2:28 of 3rd period - Ryan Callahan is hit by Carl Hagelin.
2:42 of 3rd period - Andy Greene is hit by Tommy Cross and loses puck.
2:47 of 3rd period - Snap shot by Loui Eriksson.
2:47 of 3rd period - Shot Misses the Net.
2:49 of 3rd period - Slapshot by Loui Eriksson.
2:49 of 3rd period - Shot Blocked by Andy Greene.
2:51 of 3rd period - Slapshot by Jaycob Megna.
2:51 of 3rd period - Stopped by Frederik Andersen without a rebound.
2:52 of 3rd period - Jonny Brodzinski wins face-off versus Alexander Steen in Blackhawks zone.
2:55 of 3rd period - Wrist shot by Ryan Callahan.
2:55 of 3rd period - Deflect By Jonny Brodzinski.
2:55 of 3rd period - Deflect By Zach Parise.
2:55 of 3rd period - Shot Misses the Net.
2:55 of 3rd period - Puck is out of play.
2:56 of 3rd period - Jonny Brodzinski wins face-off versus Alexander Steen in Blackhawks zone.
2:59 of 3rd period - Snap shot by Jonny Brodzinski.
2:59 of 3rd period - Stopped by Frederik Andersen with a rebound.
3:07 of 3rd period - Snap shot by Zach Parise.
3:07 of 3rd period - Stopped by Connor Hellebuyck with a rebound.
3:23 of 3rd period - Wrist shot by Vladislav Namestnikov.
3:23 of 3rd period - Stopped by Connor Hellebuyck with a rebound.
3:39 of 3rd period - Derek Forbort is hit by Byron Froese and loses puck.
3:56 of 3rd period - Slapshot by Vladislav Namestnikov.
3:56 of 3rd period - Stopped by Connor Hellebuyck with a rebound.
4:02 of 3rd period - Slapshot by Ryan Pulock.
4:02 of 3rd period - Stopped by Frederik Andersen with a rebound.
4:04 of 3rd period - Slapshot by Ryan Pulock.
4:04 of 3rd period - Goal by Ryan Pulock - Blackhawks : 4 - Whalers : 1.
4:05 of 3rd period - Derek Stepan wins face-off versus Eric Staal in neutral zone.
4:29 of 3rd period - Jaycob Megna is hit by Cam Atkinson.
4:33 of 3rd period - Snap shot by Henrik Zetterberg.
4:33 of 3rd period - Shot Misses the Net.
4:43 of 3rd period - Slapshot by Eric Staal.
4:43 of 3rd period - Shot Misses the Net.
4:58 of 3rd period - Icing by Ryan Ellis.
4:59 of 3rd period - Loui Eriksson wins face-off versus Eric Staal in Blackhawks zone.
5:06 of 3rd period - Wrist shot by Kris Versteeg.
5:06 of 3rd period - Shot Misses the Net.
5:23 of 3rd period - Slapshot by Ryan Ellis.
5:23 of 3rd period - Shot Misses the Net.
5:25 of 3rd period - Wrist shot by Henrik Zetterberg.
5:25 of 3rd period - Shot Hit the Post.
5:47 of 3rd period - Wrist shot by Kris Versteeg.
5:47 of 3rd period - Shot Misses the Net.
6:49 of 3rd period - Snap shot by Henrik Zetterberg.
6:49 of 3rd period - Stopped by Connor Hellebuyck with a rebound.
6:51 of 3rd period - Slapshot by Andrei Markov.
6:51 of 3rd period - Deflect By Henrik Zetterberg.
6:51 of 3rd period - Stopped by Connor Hellebuyck without a rebound.
6:52 of 3rd period - Alexander Steen wins face-off versus Derek Stepan in Whalers zone.
6:53 of 3rd period - Wrist shot by Andrew Shaw.
6:53 of 3rd period - Goal by Andrew Shaw - Blackhawks : 5 - Whalers : 1.
6:54 of 3rd period - Alexander Steen wins face-off versus Derek Stepan in neutral zone.
7:00 of 3rd period - Wrist shot by Niklas Hjalmarsson.
7:00 of 3rd period - Stopped by Connor Hellebuyck without a rebound.
7:01 of 3rd period - Zach Parise wins face-off versus Derek Stepan in Whalers zone.
7:02 of 3rd period - Snap shot by Alexander Steen.
7:02 of 3rd period - Deflect By Andrew Shaw.
7:02 of 3rd period - Stopped by Connor Hellebuyck with a rebound.
7:04 of 3rd period - Slapshot by Alexander Steen.
7:04 of 3rd period - Stopped by Connor Hellebuyck without a rebound.
7:05 of 3rd period - Derek Stepan wins face-off versus Alexander Steen in Whalers zone.
7:07 of 3rd period - Minor Penalty to Dustin Byfuglien for Hooking.
7:08 of 3rd period - Alexander Steen wins face-off versus Phil Kessel in Whalers zone.
7:16 of 3rd period - Wrist shot by Phil Kessel.
7:16 of 3rd period - Stopped by Frederik Andersen with a rebound.
7:18 of 3rd period - Snap shot by Mark Barberio.
7:18 of 3rd period - Shot Misses the Net.
8:16 of 3rd period - Wrist shot by Brett Connolly.
8:16 of 3rd period - Shot Misses the Net.
8:18 of 3rd period - Slapshot by Andrei Markov.
8:18 of 3rd period - Stopped by Connor Hellebuyck without a rebound.
8:19 of 3rd period - Phil Kessel wins face-off versus Eric Staal in Whalers zone.
9:07 of 3rd period - Penalty to Dustin Byfuglien is over, Dustin Byfuglien is back on ice.
9:21 of 3rd period - Snap shot by Carl Hagelin.
9:21 of 3rd period - Stopped by Connor Hellebuyck without a rebound.
9:22 of 3rd period - Carl Hagelin wins face-off versus Austin Watson in Whalers zone.
9:49 of 3rd period - Wrist shot by Byron Froese.
9:49 of 3rd period - Stopped by Frederik Andersen without a rebound.
9:50 of 3rd period - Jonny Brodzinski wins face-off versus Vladislav Namestnikov in Blackhawks zone.
9:53 of 3rd period - Wrist shot by Ryan Callahan.
9:53 of 3rd period - Deflect By Jonny Brodzinski.
9:53 of 3rd period - Shot Misses the Net.
9:53 of 3rd period - Puck is out of play.
9:54 of 3rd period - Scott Hartnell wins face-off versus Alexander Steen in Blackhawks zone.
9:55 of 3rd period - Snap shot by Phil Kessel.
9:55 of 3rd period - Stopped by Frederik Andersen without a rebound.
9:56 of 3rd period - Derek Stepan wins face-off versus Alexander Steen in Blackhawks zone.
10:16 of 3rd period - Scott Hartnell is hit by Andrew Shaw.
11:29 of 3rd period - Slapshot by Niklas Hjalmarsson.
11:29 of 3rd period - Shot Blocked by Jaycob Megna.
11:31 of 3rd period - Snap shot by Sven Andrighetto.
11:31 of 3rd period - Stopped by Connor Hellebuyck with a rebound.
11:33 of 3rd period - Snap shot by Sven Andrighetto.
11:33 of 3rd period - Shot Blocked by Dustin Byfuglien.
11:35 of 3rd period - Slapshot by Andy Greene.
11:35 of 3rd period - Stopped by Connor Hellebuyck without a rebound.
11:36 of 3rd period - Austin Watson wins face-off versus Alexander Steen in Whalers zone.
11:44 of 3rd period - Snap shot by Loui Eriksson.
11:44 of 3rd period - Deflect By Kris Versteeg.
11:44 of 3rd period - Shot Blocked by Ryan Ellis.
11:44 of 3rd period - Puck is out of play.
11:45 of 3rd period - Austin Watson wins face-off versus Alexander Steen in Blackhawks zone.
11:46 of 3rd period - Wrist shot by Kris Versteeg.
11:46 of 3rd period - Shot Misses the Net.
11:48 of 3rd period - Snap shot by Austin Watson.
11:48 of 3rd period - Deflect By Loui Eriksson.
11:48 of 3rd period - Stopped by Frederik Andersen with a rebound.
11:50 of 3rd period - Wrist shot by Kris Versteeg.
11:50 of 3rd period - Stopped by Frederik Andersen without a rebound.
11:51 of 3rd period - Derek Stepan wins face-off versus Alexander Steen in Blackhawks zone.
12:00 of 3rd period - Wrist shot by Zach Parise.
12:00 of 3rd period - Shot Misses the Net.
12:02 of 3rd period - Slapshot by Zach Parise.
12:02 of 3rd period - Stopped by Connor Hellebuyck without a rebound.
12:03 of 3rd period - Derek Stepan wins face-off versus Alexander Steen in Whalers zone.
12:03 of 3rd period - Derek Stepan is hit by Ryan Ellis.
12:29 of 3rd period - Derek Stepan is hit by Carl Hagelin and loses puck.
12:36 of 3rd period - Slapshot by Carl Hagelin.
12:36 of 3rd period - Stopped by Connor Hellebuyck with a rebound.
12:38 of 3rd period - Wrist shot by Chris Kunitz.
12:38 of 3rd period - Stopped by Connor Hellebuyck with a rebound.
13:08 of 3rd period - Niklas Hjalmarsson is hit by Jaycob Megna and loses puck.
13:25 of 3rd period - Slapshot by Derek Stepan.
13:25 of 3rd period - Shot Misses the Net.
13:27 of 3rd period - Snap shot by Phil Kessel.
13:27 of 3rd period - Stopped by Frederik Andersen without a rebound.
13:28 of 3rd period - Zach Parise wins face-off versus Austin Watson in Blackhawks zone.
13:41 of 3rd period - Wrist shot by Andrew Shaw.
13:41 of 3rd period - Shot Misses the Net.
14:21 of 3rd period - Snap shot by Nic Dowd.
14:21 of 3rd period - Shot Misses the Net.
14:59 of 3rd period - Penalty Shot by Kris Versteeg for Whalers.
14:59 of 3rd period - Wrist shot by Kris Versteeg.
14:59 of 3rd period - Stopped by Frederik Andersen.
15:00 of 3rd period - Jonny Brodzinski wins face-off versus Alexander Steen in Whalers zone.
15:49 of 3rd period - Drake Caggiula is hit by Carl Hagelin and loses puck.
16:48 of 3rd period - Slapshot by Andrei Markov.
16:48 of 3rd period - Stopped by Connor Hellebuyck without a rebound.
16:49 of 3rd period - Austin Watson wins face-off versus Yanni Gourde in Whalers zone.
17:18 of 3rd period - Snap shot by Alexander Steen.
17:18 of 3rd period - Stopped by Connor Hellebuyck with a rebound.
17:24 of 3rd period - Wrist shot by Andrew Shaw.
17:24 of 3rd period - Stopped by Connor Hellebuyck with a rebound.
17:42 of 3rd period - Slapshot by Phil Kessel.
17:42 of 3rd period - Shot Blocked by Eric Staal.
18:18 of 3rd period - Backhand shot by Yanni Gourde.
18:18 of 3rd period - Stopped by Connor Hellebuyck without a rebound.
18:19 of 3rd period - Austin Watson wins face-off versus Yanni Gourde in Whalers zone.
18:25 of 3rd period - Off-side.
18:26 of 3rd period - Austin Watson wins face-off versus Alexander Steen in neutral zone.
18:35 of 3rd period - Andy Greene is hit by Loui Eriksson and loses puck.
19:58 of 3rd period - Slapshot by Kris Versteeg.
19:58 of 3rd period - Stopped by Frederik Andersen with a rebound.
Goals for this period are 1 for Blackhawks vs 1 for Whalers.
Shots for this period are 22 for Blackhawks vs 12 for Whalers.